Map: 匹昂台地

Players

平步青云

  • Race: Terran Terran

电脑难度 (极难) - Winner!

  • Race: Zerg Zerg

VOD

Have the link to the VOD?

Description

Time

  • Played on: Jan. 1, 2016, 2:39 a.m.
  • Length: 25:38
Show
View Real Time Build Order
Export as new Build Order

平步青云 Terran 

Build Orders:  

Get SALT Encoding   

  12  0:00  SCV  
  13  0:13  SCV  
  14  0:19  Supply Depot  
  14  0:25  SCV  
  15  0:36  Refinery  
  15  0:40  SCV  
  16  0:45  Engineering Bay  
  16  0:50  Barracks  
  16  0:52  SCV  
  17  1:05  SCV  
  18  1:17  Supply Depot, SCV  
  19  1:29  SCV  
  20  1:38  Marine  
  20  1:39  Barracks  
  21  1:41  SCV  
  22  1:53  SCV  
  23  1:56  Marine  
  23  1:58  Factory  
  24  2:05  SCV, Supply Depot  
  25  2:14  Marine  
  26  2:15  Refinery  
  26  2:17  SCV  
  27  2:27  Barracks Tech Lab  
  27  2:30  SCV  
  28  2:40  Barracks Reactor  
  28  2:45  Factory Tech Lab  
  28  2:47  SCV  
  29  3:00  Engineering Bay  
  29  3:02  Supply Depot  
  29  3:05  Orbital Command  
  29  3:06  Siege Tank  
  29  3:10  Concussive Shells  
  32  3:25  Bunker  
  32  3:42  Command Center  
  32  3:47  Marine x2  
  34  3:51  Marauder  
  36  4:04  Siege Tank  
  39  4:14  Starport  
  39  4:29  Supply Depot  
  39  4:34  Marine x2  
  39  4:35  Marauder  
  43  4:44  Siege Tank  
  46  4:50  SCV  
  47  4:52  Supply Depot  
  47  4:54  SCV  
  47  4:59  Starport Reactor  
  48  5:00  Marine  
  48  5:01  Marine  
  48  5:02  SCV  
  51  5:20  Sensor Tower  
  51  5:23  SCV  
  51  5:25  Marine x2  
  54  5:35  SCV, Medivac x2  
  59  5:44  Combat Shields  
  59  5:47  SCV  
  60  5:51  Refinery  
  60  5:55  Refinery  
  60  5:56  SCV  
  61  5:59  SCV, Marine x2  
  61  6:00  Marauder  
  66  6:08  SCV  
  67  6:18  Supply Depot  
  67  6:23  Missile Turret  
  67  6:28  Siege Tank, Medivac  
  67  6:30  Marine  
  67  6:31  Marauder, Marine  
  76  6:51  Marine x2  
  76  6:53  Marauder  
  80  7:00  Siege Tank  
  83  7:01  SCV  
  84  7:09  SCV  
  84  7:13  SCV  
  86  7:25  Supply Depot  
  86  7:47  SCV x2, Marauder, Siege Tank, Marine  
  86  7:49  Supply Depot  
  94  7:56  Marine  
  90  7:59  SCV x2  
  90  8:04  Medivac x2  
  90  8:05  Marine  
  92  8:08  Marine  
  92  8:11  SCV  
  92  8:12  Supply Depot  
  94  8:14  Marine  
  94  8:19  Siege Tank  
  98  8:22  Marine  
  98  8:27  Marauder  
  101  8:34  Supply Depot  
  101  8:38  Terran Infantry Weapons Level 1  
  101  8:57  Supply Depot  
  101  9:03  Command Center  
  101  9:17  Sensor Tower  
  101  9:21  Supply Depot  
  101  9:24  Marine x2  
  102  9:25  Marauder  
  102  9:26  Siege Tank  
  102  9:27  Medivac x2  
  112  9:41  Marine  
  112  9:42  Marine  
  114  9:46  Marauder  
  116  9:58  Siege Tank  
  116  9:59  Marine x2  
  120  10:02  Missile Turret  
  121  10:07  Marauder  
  123  10:17  Marine x2  
  123  10:18  Medivac  
  123  10:19  Medivac  
  129  10:29  Marauder  
  129  10:30  Siege Tank  
  129  10:32  Terran Infantry Armor Level 1, SCV  
  129  10:34  SCV  
  129  10:35  SCV, Marine x2  
  139  10:45  SCV  
  139  10:46  SCV  
  139  10:47  SCV  
  141  10:50  Marauder  
  122  10:57  SCV  
  115  11:07  Marine x2  
  115  11:09  SCV  
  115  11:11  Siege Tank, Marauder  
  121  11:13  Medivac x2  
  125  11:21  SCV  
  126  11:29  Marine x2  
  128  11:33  Marauder  
  130  11:42  Armory  
  130  11:43  Siege Tank, Medivac x2  
  130  11:45  Supply Depot  
  137  11:50  SCV x2  
  137  11:51  SCV  
  140  12:02  SCV  
  140  12:03  SCV x2  
  143  12:08  Supply Depot  
  143  12:12  Sensor Tower  
  143  12:14  SCV  
  144  12:15  Marine  
  144  12:16  Marauder, Marine  
  144  12:19  Siege Tank  
  144  12:20  Planetary Fortress  
  151  12:23  Medivac x2  
  155  12:31  Supply Depot  
  155  12:33  Marine x2  
  157  12:38  Marauder  
  159  12:50  Refinery  
  159  12:51  Siege Tank, Marine x2  
  162  12:52  Refinery  
  162  12:57  Liberator x2  
  170  12:59  Marauder  
  172  13:09  Marine  
  173  13:51  Marine  
  158  14:16  Command Center  
  158  14:29  Sensor Tower  
  158  14:38  Supply Depot  
  158  14:47  Command Center  
  158  15:00  Medivac x2, Siege Tank, Marine  
  158  15:01  Supply Depot  
  166  15:22  Marine  
  166  15:23  Marauder  
  166  15:25  Supply Depot  
  169  15:44  Marauder  
  169  15:47  Supply Depot  
  160  16:11  Supply Depot  
  153  16:28  Marine x2  
  156  16:46  Marine  
  157  16:50  Marine  
  147  16:54  Marine  
  148  17:04  Marine  
  143  17:11  Marine  
  143  17:12  Reaper  
  136  17:22  Marine  
  134  17:27  Siege Tank  
  134  17:28  Medivac x2  
  134  17:29  Marine  
  123  17:39  Marine  
  123  17:44  Marine  
  124  17:47  Marine  
  126  17:57  Marine  
  126  17:58  Medivac x2  
  126  17:59  Siege Tank  
  122  18:27  Marine x2  
  122  18:28  Marauder  
  122  18:30  Medivac  
  122  18:31  Siege Tank, Medivac  
  124  18:45  Marine x2  
  124  18:49  Marauder  
  126  19:00  Medivac  
  126  19:01  Medivac  
  130  19:03  Siege Tank, Marine x2  
  135  19:10  Marine  
  127  19:21  Marine  
  127  19:24  Marine  
  123  19:28  Marine  
  124  19:35  Siege Tank  
  124  19:38  Marine  
  124  19:41  Marine  
  123  19:46  Marauder  
  123  19:53  Medivac x2  
  123  19:56  Marine  
  123  19:59  Marine  
  125  20:07  Siege Tank, Marine  
  129  20:14  Marine  
  130  20:26  Marauder  
  132  20:37  Marine x2  
  132  20:39  Siege Tank  
  132  20:41  Medivac x2  
  141  20:45  Command Center  
  141  20:46  Marine  
  142  21:05  Marauder  
  144  21:11  Siege Tank  
  141  21:31  Marauder, Marine x2  
  140  21:33  Medivac  
  140  21:34  Medivac  
  143  21:43  Siege Tank  
  142  21:48  Marine  
  142  21:49  Marine  
  142  21:52  Marine  
  126  22:06  Marine x2  
  114  22:11  Marauder  
  104  22:40  Marine x2  
  104  22:41  Marauder  
  107  22:54  Refinery  
  107  22:57  Refinery  
  102  23:29  Marine  
  102  23:30  Marauder, Marine  
  106  23:36  Refinery  
  106  23:39  SCV  
  106  23:40  Refinery  
  107  23:43  SCV  
  108  23:52  SCV  
  108  23:55  SCV  
  108  24:04  SCV  
  108  24:07  SCV  
  108  24:13  Marine x2  
  111  24:19  SCV  
  109  24:31  SCV, Marine x2  
  103  24:36  Marauder  
  103  24:48  Marine  
  103  24:49  Marine  
  105  25:04  Barracks  
  105  25:06  Refinery, Marine x2  
  107  25:08  Marine  
  107  25:09  Refinery  
Show
View Real Time Build Order
Export as new Build Order

电脑难度 (极难) Zerg - Winner!

Build Orders: Pool First 

Get SALT Encoding   

  12  0:00  Drone  
  13  0:12  Overlord  
  13  0:17  Drone  
  14  0:30  Drone x2  
  16  0:42  Spawning Pool  
  15  0:45  Drone  
  15  0:49  Drone  
  17  1:12  Hatchery  
  17  1:13  Drone  
  17  1:16  Extractor  
  17  1:17  Drone  
  17  1:21  Drone  
  18  1:27  Drone  
  19  1:38  Overlord  
  19  1:47  Queen  
  19  1:49  Drone  
  22  1:59  Zergling x2  
  23  2:10  Drone  
  24  2:21  Drone  
  25  2:23  Roach Warren, Queen  
  25  2:25  Drone  
  27  2:31  Extractor  
  27  2:35  Drone  
  27  2:42  Overlord  
  27  2:45  Drone  
  27  2:48  Drone  
  29  2:53  Drone  
  29  2:55  Drone  
  29  2:57  Drone  
  32  3:01  Zergling x2  
  32  3:04  Zergling x2  
  34  3:08  Roach  
  34  3:12  Roach  
  38  3:16  Roach  
  40  3:21  Roach  
  40  3:25  Drone  
  40  3:26  Drone  
  44  3:31  Overlord  
  44  3:38  Lair  
  44  3:42  Metabolic Boost  
  44  3:48  Overlord  
  44  3:50  Drone  
  44  3:52  Drone  
  44  3:55  Drone  
  47  3:57  Zergling x2  
  47  4:00  Zergling x2  
  47  4:01  Zergling x2  
  50  4:08  Evolution Chamber, Drone  
  50  4:14  Evolution Chamber, Drone  
  50  4:16  Drone  
  51  4:18  Drone  
  51  4:20  Drone  
  51  4:22  Drone  
  54  4:35  Zerg Missile Weapons Level 1  
  54  4:39  Zerg Ground Armor Level 1  
  54  4:40  Hydralisk Den  
  54  4:41  Drone  
  54  4:43  Overlord  
  54  4:46  Roach  
  54  4:49  Roach  
  58  5:02  Overlord, Drone  
  58  5:03  Extractor  
  58  5:04  Drone  
  58  5:06  Drone  
  60  5:08  Drone  
  60  5:09  Hydralisk  
  60  5:10  Drone  
  60  5:11  Hydralisk  
  60  5:13  Hydralisk  
  68  5:19  Hydralisk  
  68  5:20  Drone  
  71  5:23  Overlord  
  71  5:25  Drone  
  71  5:26  Drone  
  74  5:28  Drone  
  74  5:30  Drone  
  74  5:32  Drone  
  76  5:41  Drone  
  77  5:43  Infestation Pit  
  77  5:45  Overlord  
  77  5:47  Drone  
  77  5:48  Drone  
  78  5:50  Drone  
  78  5:52  Drone  
  78  5:53  Drone  
  81  6:03  Overlord, Ravager, Roach  
  84  6:04  Extractor  
  84  6:06  Roach  
  84  6:09  Roach  
  87  6:18  Evolution Chamber, Ravager  
  86  6:20  Infestor  
  86  6:22  Overlord, Roach  
  91  6:27  Drone x3  
  94  6:37  Spine Crawler  
  94  6:38  Drone, Infestor  
  96  6:40  Overlord, Spine Crawler, Drone  
  96  6:42  Hydralisk  
  98  6:47  Hydralisk  
  98  6:51  Hydralisk  
  102  6:57  Hydralisk  
  102  6:59  Overlord  
  104  7:13  Overseer  
  104  7:16  Infestor  
  104  7:19  Spore Crawler  
  104  7:22  Spore Crawler  
  104  7:26  Hatchery  
  104  7:29  Infestor  
  103  7:33  Roach  
  107  7:46  Muscular Augments  
  107  7:56  Zerg Melee Weapons Level 1  
  107  7:58  Roach  
  108  8:00  Overlord, Roach  
  108  8:03  Roach  
  112  8:06  Hydralisk  
  112  8:11  Hydralisk  
  116  8:17  Spine Crawler  
  115  8:39  Drone x3, Zergling x6, Hydralisk, Queen  
  115  8:40  Drone x3, Overlord, Zergling x4  
  115  8:41  Drone x3  
  126  8:43  Drone  
  126  8:44  Drone, Hydralisk  
  126  8:47  Drone, Extractor  
  131  8:48  Hydralisk  
  131  8:53  Drone, Extractor  
  133  8:58  Lurker Den  
  133  8:59  Overlord  
  133  9:09  Drone x2  
  135  9:15  Drone  
  135  9:16  Hive  
  136  9:17  Overlord  
  136  9:30  Zerg Missile Weapons Level 2  
  136  9:33  Spine Crawler  
  135  9:43  Queen  
  135  9:44  Zerg Ground Armor Level 2  
  137  9:47  Hatchery  
  136  9:53  Zerg Melee Weapons Level 2  
  136  10:11  Spine Crawler  
  135  10:24  Zergling x2  
  135  10:25  Zergling x2  
  135  10:27  Viper x2  
  135  10:28  Overlord  
  143  10:32  Spine Crawler  
  143  10:33  Drone  
  143  10:35  Spine Crawler  
  142  10:36  Drone  
  142  10:37  Spore Crawler  
  142  10:38  Drone  
  142  10:41  Baneling Nest  
  142  10:42  Drone  
  143  10:44  Spore Crawler  
  143  10:46  Drone, Zergling x6  
  143  10:47  Zergling x8  
  143  10:48  Zergling x2  
  143  10:49  Spine Crawler  
  140  10:50  Drone, Hydralisk  
  140  10:51  Spine Crawler, Hydralisk  
  140  10:52  Drone, Hydralisk x3, Roach  
  140  10:53  Spine Crawler, Roach  
  140  10:55  Drone, Hydralisk, Roach  
  140  10:56  Roach x3  
  138  10:57  Roach x3  
  138  10:59  Drone  
  138  11:01  Drone  
  138  11:02  Drone  
  139  11:07  Drone  
  139  11:09  Drone  
  141  11:11  Infestor  
  141  11:12  Drone x3  
  141  11:13  Drone  
  141  11:17  Ravager  
  141  11:18  Overlord, Lurker x2, Hydralisk x2, Roach  
  151  11:20  Drone  
  151  11:23  Drone  
  151  11:24  Drone  
  151  11:25  Baneling x3  
  159  11:27  Zergling x2, Baneling x3  
  159  11:28  Drone, Zergling x2, Baneling  
  159  11:29  Spore Crawler  
  159  11:30  Drone, Overseer  
  159  11:31  Drone  
  163  11:33  Overseer  
  163  11:35  Drone x2  
  165  11:40  Overlord  
  165  11:43  Zergling x2  
  165  11:44  Zergling x2  
  167  11:48  Baneling  
  167  11:49  Spore Crawler, Pneumatized Carapace, Zergling x2, Baneling  
  167  11:56  Baneling  
  167  12:02  Extractor  
  167  12:03  Centrifical Hooks  
  167  12:04  Extractor  
  167  12:06  Drone  
  166  12:12  Zerg Melee Weapons Level 3  
  166  12:22  Spore Crawler  
  165  12:24  Drone x2, Overlord  
  165  12:25  Drone  
  165  12:28  Ultralisk Cavern  
  167  12:30  Drone  
  168  12:42  Infestor  
  170  12:46  Spine Crawler  
  170  12:47  Drone  
  170  12:49  Infestor  
  172  12:59  Zerg Missile Weapons Level 3  
  172  13:01  Spine Crawler  
  172  13:04  Hatchery, Spore Crawler  
  169  13:08  Spine Crawler  
  169  13:09  Drone  
  169  13:10  Spine Crawler  
  169  13:11  Drone, Spine Crawler  
  168  13:13  Drone  
  168  13:15  Ultralisk x2  
  168  13:18  Ultralisk  
  187  13:28  Ultralisk  
  193  13:40  Ultralisk  
  199  13:46  Zergling x2  
  199  13:47  Zergling x8  
  198  13:49  Zergling x8  
  198  13:50  Zergling x2  
  198  13:51  Spore Crawler  
  198  13:52  Ultralisk  
  198  13:54  Spore Crawler  
  186  13:57  Spore Crawler  
  186  14:00  Spire  
  141  14:06  Zergling x2, Baneling  
  141  14:07  Roach, Baneling  
  141  14:08  Zergling x2, Baneling x2  
  141  14:09  Roach  
  145  14:10  Zergling x2, Roach, Baneling  
  145  14:11  Roach  
  145  14:12  Hydralisk  
  145  14:15  Hydralisk  
  154  14:17  Hydralisk  
  154  14:18  Drone x3, Queen  
  154  14:19  Drone x3  
  154  14:20  Drone, Hydralisk  
  167  14:25  Zergling x4, Baneling x3  
  167  14:26  Baneling  
  167  14:27  Extractor, Baneling  
  167  14:28  Drone, Zergling x2, Baneling  
  170  14:36  Infestor  
  172  14:42  Extractor  
  172  14:43  Drone  
  172  14:44  Infestor  
  174  14:59  Spore Crawler  
  173  15:00  Zerg Ground Armor Level 3, Drone  
  174  15:11  Hatchery  
  174  15:12  Mutalisk x3, Drone  
  174  15:13  Mutalisk  
  182  15:29  Spore Crawler  
  182  15:30  Drone  
  182  15:35  Drone x2  
  181  15:37  Drone  
  181  15:38  Ultralisk x2, Drone  
  181  15:42  Drone, Zergling x2  
  193  15:43  Spore Crawler  
  193  15:45  Drone x2, Infestor  
  193  15:46  Spore Crawler, Drone, Zergling x2  
  193  15:47  Hydralisk, Zergling x2  
  193  15:48  Spore Crawler  
  193  15:49  Drone x2  
  191  15:51  Hydralisk  
  191  15:52  Spore Crawler  
  191  15:53  Drone  
  191  15:55  Infestor, Baneling  
  191  15:56  Baneling x2, Zergling x2  
  192  15:57  Zergling x2  
  192  15:59  Baneling x2  
  192  16:00  Zergling x2  
  192  16:01  Baneling  
  194  16:05  Pathogen Glands  
  194  16:20  Baneling, Zergling x2  
  194  16:21  Zergling x2, Baneling  
  194  16:22  Baneling  
  194  16:23  Zergling x2, Baneling, Queen  
  196  16:27  Spine Crawler  
  196  16:28  Drone  
  196  16:29  Spine Crawler  
  196  16:31  Drone  
  196  16:46  Baneling  
  196  16:47  Overseer, Hydralisk  
  196  16:48  Zergling x4  
  196  16:49  Baneling, Zergling x6  
  196  16:50  Zergling x4, Baneling x2  
  196  16:52  Hydralisk  
  196  16:53  Infestor x2  
  181  16:56  Hatchery  
  181  16:57  Infestor  
  181  16:59  Drone, Zergling x2  
  177  17:04  Hydralisk Den  
  177  17:06  Drone  
  176  17:09  Spore Crawler  
  176  17:10  Drone  
  176  17:11  Spore Crawler, Drone, Zergling x4  
  176  17:12  Zergling x4  
  176  17:13  Zergling x2  
  176  17:14  Zergling x2  
  158  17:16  Roach  
  158  17:18  Roach  
  158  17:19  Roach  
  158  17:20  Roach  
  148  17:22  Hydralisk  
  148  17:24  Hydralisk  
  148  17:26  Neural Parasite  
  121  17:31  Ultralisk  
  121  17:33  Hydralisk  
  121  17:35  Hydralisk  
  120  17:41  Ultralisk  
  120  17:42  Zergling x2  
  120  17:43  Zergling x2  
  128  17:44  Zergling x2  
  128  17:45  Zergling x2  
  128  17:46  Zergling x2  
  131  17:52  Ultralisk  
  131  17:54  Overlord  
  133  18:02  Roach, Zergling x2  
  133  18:04  Zergling x2  
  132  18:06  Hydralisk  
  132  18:07  Roach, Zergling x4  
  132  18:08  Drone, Roach x2, Zergling x2  
  132  18:09  Zergling x2  
  132  18:10  Zergling x2  
  132  18:12  Overlord  
  129  18:14  Hydralisk  
  129  18:16  Zergling x2  
  129  18:17  Drone x2  
  129  18:18  Zergling x2  
  130  18:20  Zergling x2  
  130  18:23  Zergling x2  
  130  18:25  Zergling x2  
  125  18:30  Ultralisk  
  125  18:31  Roach  
  125  18:32  Hydralisk  
  116  18:34  Hydralisk  
  116  18:36  Hydralisk  
  116  18:37  Zergling x2  
  116  18:38  Zergling x2  
  111  18:42  Roach  
  111  18:45  Ultralisk  
  111  18:46  Roach  
  111  18:47  Roach  
  111  18:49  Hydralisk  
  111  18:50  Zergling x2  
  111  18:51  Zergling x2  
  111  18:52  Zergling x2  
  111  18:53  Drone  
  111  18:54  Zergling x2  
  117  18:55  Roach  
  117  18:56  Zergling x2  
  117  18:57  Zergling x2  
  117  18:58  Zergling x2  
  117  18:59  Zergling x2  
  117  19:01  Zergling x2  
  117  19:02  Zergling x2  
  121  19:03  Hydralisk  
  121  19:04  Drone  
  121  19:07  Roach  
  121  19:08  Hydralisk  
  121  19:14  Ultralisk  
  121  19:15  Hydralisk  
  115  19:19  Hydralisk, Roach  
  115  19:20  Zergling x2  
  115  19:22  Roach  
  115  19:23  Drone  
  114  19:24  Zergling x2  
  114  19:25  Zergling x2  
  114  19:26  Zergling x2  
  114  19:28  Roach  
  114  19:29  Zergling x2  
  114  19:30  Zergling x2  
  114  19:31  Drone, Zergling x2  
  117  19:32  Zergling x2  
  117  19:34  Zergling x2  
  117  19:35  Zergling x2  
  113  19:39  Drone x2  
  113  19:42  Hydralisk x2, Roach  
  112  19:45  Roach  
  112  19:48  Ultralisk  
  112  19:49  Zergling x2  
  112  19:50  Roach  
  112  19:51  Roach  
  114  19:54  Hydralisk  
  106  20:01  Drone  
  106  20:03  Ultralisk  
  106  20:04  Zergling x2  
  106  20:05  Zergling x2  
  106  20:06  Zergling x2  
  114  20:07  Zergling x2  
  114  20:09  Zergling x2  
  116  20:15  Drone  
  116  20:16  Zergling x4  
  116  20:17  Hydralisk  
  116  20:18  Zergling x2  
  116  20:19  Roach  
  116  20:21  Hydralisk, Roach  
  111  20:23  Roach  
  111  20:24  Hydralisk  
  111  20:25  Hydralisk  
  111  20:26  Drone  
  111  20:28  Drone, Zergling x2  
  117  20:29  Zergling x2  
  117  20:30  Zergling x2  
  117  20:31  Zergling x2  
  117  20:32  Zergling x2  
  120  20:37  Drone  
  120  20:40  Ultralisk  
  120  20:42  Drone  
  127  20:46  Ultralisk  
  127  20:48  Overlord  
  127  20:49  Mutalisk  
  133  20:52  Drone  
  133  20:55  Drone x2  
  129  20:58  Ultralisk  
  129  21:00  Mutalisk  
  129  21:03  Drone  
  137  21:05  Hydralisk  
  137  21:07  Hydralisk  
  137  21:09  Extractor  
  137  21:10  Drone x3  
  137  21:11  Zergling x2, Extractor  
  132  21:12  Drone, Hydralisk  
  132  21:15  Zergling x2  
  132  21:16  Zergling x4  
  132  21:17  Hydralisk, Zergling x2  
  126  21:18  Zergling x2  
  126  21:19  Zergling x2  
  126  21:21  Roach  
  126  21:22  Roach  
  126  21:25  Roach  
  124  21:26  Zergling x2  
  124  21:27  Roach, Zergling x2  
  124  21:28  Zergling x2  
  124  21:29  Drone x2  
  124  21:32  Drone  
  121  21:34  Baneling x2  
  121  21:35  Baneling  
  121  21:37  Hydralisk  
  121  21:39  Extractor  
  114  21:40  Drone x2, Zergling x2  
  114  21:41  Extractor  
  114  21:42  Hydralisk  
  114  21:43  Drone x2, Zergling x2  
  114  21:46  Roach  
  112  21:48  Drone x2  
  112  21:49  Drone x2  
  112  21:51  Drone  
  112  21:52  Drone x4  
  112  21:53  Drone  
  112  21:54  Drone  
  112  21:55  Drone x2  
  106  22:02  Hydralisk, Roach, Zergling x2  
  106  22:03  Hatchery, Roach, Zergling x2  
  106  22:04  Drone  
  106  22:05  Extractor  
  106  22:06  Roach  
  106  22:07  Drone  
  107  22:09  Roach  
  107  22:11  Roach  
  107  22:12  Hydralisk  
  107  22:15  Hydralisk  
  109  22:18  Roach  
  109  22:19  Hydralisk  
  109  22:22  Roach  
  108  22:23  Drone  
  108  22:25  Roach  
  108  22:27  Zergling x4  
  108  22:29  Drone  
  107  22:30  Drone x2  
  107  22:39  Drone  
  107  22:43  Hatchery  
  101  22:47  Hydralisk  
  101  22:49  Drone  
  101  22:50  Drone, Zergling x2  
  103  22:52  Zergling x2  
  103  22:53  Drone  
  103  22:55  Roach  
  103  22:57  Roach  
  109  22:58  Roach  
  109  22:59  Hydralisk  
  109  23:02  Hydralisk  
  109  23:04  Roach  
  108  23:06  Roach  
  108  23:08  Hydralisk  
  108  23:09  Zergling x2  
  108  23:11  Zergling x2  
  108  23:12  Zergling x2  
  113  23:14  Drone  
  113  23:15  Drone  
  113  23:16  Drone  
  113  23:17  Drone  
  113  23:19  Drone  
  110  23:20  Zergling x2  
  110  23:22  Hydralisk  
  110  23:25  Roach  
  103  23:27  Roach  
  103  23:29  Roach  
  103  23:31  Roach  
  103  23:33  Roach  
  106  23:34  Hydralisk  
  106  23:36  Drone  
  106  23:38  Drone  
  106  23:39  Drone  
  106  23:41  Hydralisk  
  108  23:42  Zergling x2  
  108  23:43  Zergling x2  
  108  23:45  Zergling x2  
  108  23:48  Roach  
  106  23:49  Roach  
  106  23:51  Hydralisk  
  106  23:53  Zergling x2  
  106  23:54  Zergling x2  
  111  23:56  Zergling x2  
  111  23:58  Drone  
  111  23:59  Drone  
  111  24:00  Drone  
  102  24:03  Drone  
  102  24:04  Drone  
  102  24:05  Drone  
  102  24:07  Drone  
  102  24:09  Drone  
  102  24:10  Drone  
  102  24:13  Roach  
  102  24:15  Roach  
  102  24:17  Roach  
  102  24:19  Hydralisk  
  102  24:22  Hydralisk  
  102  24:24  Zergling x2  
  106  24:25  Zergling x2  
  106  24:26  Zergling x2  
  106  24:27  Drone  
  106  24:29  Hydralisk  
  104  24:31  Zergling x2  
  104  24:33  Roach  
  104  24:35  Roach  
  104  24:37  Drone  
  104  24:38  Hydralisk  
  105  24:40  Zergling x2  
  105  24:41  Zergling x2  
  105  24:43  Zergling x2  
  105  24:44  Zergling x2  
  105  24:45  Zergling x2  
  112  24:47  Baneling, Zergling x2  
  112  24:48  Zergling x2  
  112  24:49  Baneling x2  
  112  24:50  Hatchery  
  112  24:51  Zergling x2  
  112  24:52  Drone  
  115  24:53  Baneling x2  
  115  24:54  Zergling x2  
  115  24:55  Baneling  
  116  25:01  Roach  
  116  25:03  Roach  
  116  25:05  Hydralisk  
  122  25:07  Hydralisk  
  122  25:12  Spine Crawler  
  122  25:13  Zergling x2  
  123  25:15  Zergling x2  
  123  25:16  Spine Crawler, Zergling x2  
  123  25:18  Zergling x2  
  123  25:19  Zergling x2  
  123  25:20  Zergling x2  
Tags
 
Add a new tag
Caveats
  • Supply blocks, unpowered buildings, or Contaminate may cause inaccurate times.
  • Supply counts are checked every 10 seconds.